 Dungeon Sprint DCSS version 0.23.2-30-g0e89c35649 (webtiles) character file.

Game seed: 9979524012698388146

1073 HASTUR3 the Brawler (level 8, -6/74 HPs)
             Began as a Troll Chaos Knight on June 21, 2019.
             Was a Plaything of Xom.
             Mangled by a spatial vortex (25 damage)
             ... in the Dungeon (Sprint III: "The Ten Rune Challenge").
             The game lasted 00:03:38 (455 turns).

HASTUR3 the Brawler (Troll Chaos Knight)             Turns: 455, Time: 00:03:39

Health: -6/74      AC:  8    Str: 21    XL:     8   Next: 7%
Magic:  7/7        EV: 10    Int:  8    God:    Xom [..*...]
Gold:   47         SH:  0    Dex: 11    Spells: 7/7 levels left

rFire    . . .     SeeInvis .     - Unarmed
rCold    . . .     Gourm    +   (no shield)
rNeg     . . .     Faith    .   a - +2 robe
rPois    +         Spirit   .   (helmet restricted)
rElec    .         Reflect  .   (no cloak)
rCorr    .         Harm     .   (gloves unavailable)
MR       .....     NoTele   +   (boots unavailable)
Stlth    +.........             j - amulet of rage
HPRegen  0.62/turn              (no ring)
MPRegen  0.10/turn              (no ring)

@: berserk cooldown
A: large, unfitting armour, claws 3, talons 1, fast metabolism 3, gourmand,
poison resistance, regeneration 1, shaggy fur 1, tough skin 3, evolution 1
a: Renounce Religion, Evoke Berserk Rage


You were in the Dungeon.
You worshipped Xom.
You were a toy of Xom.
You were not hungry.

You visited 1 branch You collected 47 gold pieces.

Inventory:

Armour
 a - a +2 robe (worn)
Jewellery
 j - an amulet of rage (around neck)
Scrolls
 h - a scroll of blinking
 i - a scroll of torment {unknown}
 k - 3 scrolls of identify
 l - 2 scrolls of remove curse {unknown}
 n - a scroll of immolation {unknown}
Potions
 c - 2 potions of curing
 d - a potion of might
 e - a potion of haste
 f - 2 potions of magic
 g - a potion of berserk rage
 m - 2 potions of flight {unknown}
 o - 5 potions of mutation
Comestibles
 b - 4 rations


   Skills:
 - Level 2.4 Fighting
 - Level 1.9 Dodging
 + Level 16.7 Unarmed Combat


You had 7 spell levels left.
You didn't know any spells.
Your spell library contained the following spells:

 Spells                   Type           Power        Failure   Level  Hunger
 Animate Skeleton         Necr           N/A          41%         1    ##.....
 Apportation              Tloc           #.....       41%         1    ##.....
 Confusing Touch          Hex            #.....       41%         1    ##.....
 Summon Small Mammal      Summ           #...         41%         1    ##.....


Dungeon Overview and Level Annotations

Branches:
Dungeon (1/1)

Altars:
Cheibriados
Dithmenos
Elyvilon
Fedhas
Gozag
Hepliaklqana
Kikubaaqudgha
Makhleb
Nemelex Xobeh
Okawaru
Qazlal
Ru
Sif Muna
Trog
Uskayaw
Vehumet
Wu Jian
Xom
Yredelemnul
Zin
The Shining One
Beogh
Jiyva
Lugonu


Innate Abilities, Weirdness & Mutations

You are too large for most types of armour.
You have claws for hands.
Your metabolism is lightning-fast.
You like to eat raw meat.
Your natural rate of healing is unusually fast.
You are covered in fur. (AC +1)
You have extremely tough skin. (AC +3)
You have sharp toenails.
Your system is resistant to poisons. (rPois)
You evolve.


Message History

Found a lamp of fire.
Found five altars.
There is an open door here.
There is a snail-covered altar of Cheibriados here.
The spatial vortex barely misses you.
There is a shimmering altar of Xom here.
You scratch the spatial vortex.
You claw the spatial vortex, but do no damage.
The spatial vortex is lightly damaged.
There is a hazy altar of Hepliaklqana here.
You scratch the spatial vortex. You claw the spatial vortex.
The spatial vortex is lightly damaged.
The spatial vortex hits you!! Space warps horribly around you!!
There is a shimmering altar of Xom, spattered with blood here.
You completely miss the spatial vortex. You claw the spatial vortex!
The spatial vortex is moderately damaged.
The spatial vortex hits you!!
* * * LOW HITPOINT WARNING * * *
Space warps horribly around you!!
You die...
Xom bursts into laughter! ....♣.♣ ♣♣.#___#___#__# ....♣.♣ *..#)..#n_.#†_# oooooo ....≈♣♣♣♣♣.###'#)###)## oooooo ...≈≈.♣♣...#..........# oooooo

..≈≈≈≈...♣.'.⌠........#
..≈≈≈≈≈≈♣♣.#...######'#
.≈≈≈≈≈≈....#.⌠.#__#...#
.≈≈≈≈≈.....#...#__#...#
.≈≈≈.......#)###@_#...#
...........#.).#v_#...+
...........#___#__'...#
p E
▓▓▓▓▓▓▓▓▓▓▓▓▓▓▓▓▓▓▓▓▓▓▓
≈ ≈≈ ≈ *, , ,


P P P ≈,≈ ≈≈F≈**F ≈≈k+ ≈ ≈≈FF k, ≈≈≈≈≈ F * *** lF ≈ ≈≈≈ * ** You could see a
spatial vortex.

Vanquished Creatures
  A deep elf mage (D)
  A shadow (D)
  A necrophage (D)
  A water elemental (D)
  A jelly (D)
  A wizard (D)
  A necromancer (D)
  3 humans (D)
  A kobold demonologist (D)
  A phantom (D)
  4 rats (D)
16 creatures vanquished.

Vanquished Creatures (others)
  2 draconian scorchers (D)
  6 hellions (D)
  A yaktaur (D)
9 creatures vanquished.

Grand Total: 25 creatures vanquished

Notes
Turn   | Place    | Note
-------+----------+-------------------------------------------
     0 | D        | HASTUR3 the Troll Chaos Knight began the quest for the Orb.
     0 | D        | Reached XP level 1. HP: 22/22 MP: 0/0
    18 | D        | Reached skill level 4 in Unarmed Combat
    50 | D        | Reached skill level 6 in Unarmed Combat
    50 | D        | Reached XP level 2. HP: 29/29 MP: 1/1
    78 | D        | Killed a hellion
    78 | D        | Killed a hellion
    97 | D        | Killed a hellion
    97 | D        | Killed a hellion
    98 | D        | Killed a hellion
   129 | D        | Gained mutation: You have sharp toenails. [potion of
                  | mutation]
   129 | D        | Gained mutation: Your system is resistant to poisons.
                  | (rPois) [potion of mutation]
   129 | D        | Gained mutation: You evolve. [potion of mutation]
   137 | D        | Killed a hellion
   144 | D        | Noticed a water elemental
   146 | D        | Killed a white draconian scorcher
   151 | D        | XOM: divination: detect creatures
   151 | D        | Killed a yaktaur
   154 | D        | XOM: divination: magic mapping
   172 | D        | Killed a water elemental
   172 | D        | Reached skill level 9 in Unarmed Combat
   172 | D        | Reached XP level 3. HP: 25/36 MP: 2/2
   172 | D        | Reached XP level 4. HP: 31/44 MP: 3/3
   192 | D        | Killed a white draconian scorcher
   216 | D        | Found a glowing silver altar of Zin.
   216 | D        | Found a glowing golden altar of the Shining One.
   216 | D        | Found a white marble altar of Elyvilon.
   218 | D        | Noticed a deep elf mage
   221 | D        | XOM: confuse monster(s)
   222 | D        | Killed a deep elf mage
   222 | D        | Reached skill level 14 in Unarmed Combat
   222 | D        | Reached XP level 5. HP: 50/50 MP: 4/4
   222 | D        | Reached XP level 6. HP: 59/59 MP: 5/5
   281 | D        | Found a radiant altar of Vehumet.
   281 | D        | Found a deep blue altar of Sif Muna.
   281 | D        | Found an ancient bone altar of Kikubaaqudgha.
   300 | D        | Found a hide-covered altar of Uskayaw.
   300 | D        | Found a roughly hewn altar of Beogh.
   300 | D        | Found an iron altar of Okawaru.
   300 | D        | Found a bloodstained altar of Trog.
   300 | D        | Found an ornate altar of the Wu Jian Council.
   300 | D        | Noticed a human
   301 | D        | Noticed a human
   303 | D        | Killed a human
   303 | D        | Reached skill level 15 in Unarmed Combat
   303 | D        | Reached XP level 7. HP: 66/66 MP: 6/6
   312 | D        | XOM: harmless Necr miscast
   313 | D        | Killed a human
   350 | D        | XOM: divination: detect creatures
   352 | D        | Found a basalt altar of Yredelemnul.
   352 | D        | Found a shadowy altar of Dithmenos.
   352 | D        | Found a sacrificial altar of Ru.
   353 | D        | Reached skill level 16 in Unarmed Combat
   410 | D        | Noticed a shadow
   410 | D        | XOM: harmless Hex miscast
   411 | D        | Killed a shadow
   411 | D        | Reached XP level 8. HP: 74/74 MP: 7/7
   447 | D        | Found a blossoming altar of Fedhas.
   447 | D        | Found a stormy altar of Qazlal.
   447 | D        | Found a snail-covered altar of Cheibriados.
   447 | D        | Found a burning altar of Makhleb.
   447 | D        | Found a shimmering altar of Xom.
   448 | D        | Found a hazy altar of Hepliaklqana.
   448 | D        | Found an opulent altar of Gozag.
   448 | D        | Found a sparkling altar of Nemelex Xobeh.
   448 | D        | Found a corrupted altar of Lugonu.
   448 | D        | Found a viscous altar of Jiyva.
   455 | D        | Mangled by a spatial vortex

Skill      XL: |  1  2  3  4  5  6  7 |
---------------+----------------------+-----
Unarmed Combat | 6 9 14 15 16 | 16.7
Fighting       | |  2.4
Dodging        | |  1.9

Action                   |  1- 3 |  4- 6 |  7- 9 || total
-------------------------+-------+-------+-------++-------
Melee: Unarmed           |    15 |     9 |    19 ||    43
       Kick              |     1 |     1 |     9 ||    11
 Abil: Evoke Berserk Rag |     3 |     2 |     2 ||     7
  Use: Potion            |     2 |       |       ||     2
  Eat: Chunk             |     1 |       |     6 ||     7
       Ration            |       |     1 |       ||     1
Armor: Robe              |     4 |     2 |     2 ||     8
Dodge: Dodged            |     5 |     1 |     7 ||    13
